 Dungeon Crawl Stone Soup version 0.24.0-123-gd5b16e6ec5 (webtiles) character file.

Game seed: 18341536947620201793, levelgen mode: deterministic

115 Descartes the Skirmisher (level 5, 0/42 HPs)
             Began as a Formicid Abyssal Knight on Jan 5, 2020.
             Was a Believer of Lugonu.
             Succumbed to a goblin's poison
             ... on level 3 of the Dungeon.
             The game lasted 00:04:22 (2941 turns).

Descartes the Skirmisher (Formicid Abyssal Knight)  Turns: 2941, Time: 00:04:23

Health: 0/42       AC: 11    Str: 17    XL:     5   Next: 20%
Magic:  6/6        EV:  5    Int: 12    God:    Lugonu [**....]
Gold:   212        SH:  0    Dex: 10    Spells: 4/4 levels left

rFire    . . .     SeeInvis +   a - +1 falchion
rCold    . . .     Gourm    .   (no shield)
rNeg     . . .     Faith    .   d - +0 plate armour
rPois    .         Spirit   .   (helmet unavailable)
rElec    .         Reflect  .   (no cloak)
rCorr    .         Harm     .   (no gloves)
MR       .....                  (no boots)
Stlth    ..........             (no amulet)
HPRegen  0.14/turn              (no ring)
MPRegen  0.10/turn              (no ring)

@: lethally poisoned (0 -> -7)
A: permanent stasis, dig shafts and tunnels, four strong arms, antennae 3
a: Dig, Shaft Self, Depart the Abyss, Bend Space, Renounce Religion


You were on level 3 of the Dungeon.
You worshipped Lugonu.
Lugonu was pleased with you.
You were very hungry.

You visited 1 branch of the dungeon, and saw 3 of its levels.
You visited the Abyss 1 time.

You collected 212 gold pieces.

Inventory:

Hand Weapons
 a - a +1 falchion (weapon)
 p - a +0 hunting sling
Missiles
 e - 14 poisoned darts (quivered)
 f - 93 arrows
 h - 3 atropa-tipped darts
 i - 75 stones
 m - 17 bolts
Armour
 b - a +0 leather armour
 d - a +0 plate armour (worn)
Wands
 s - a wand of paralysis (10)
Scrolls
 g - 3 scrolls of teleportation {unknown}
 k - a scroll of noise {unknown}
 l - 4 scrolls of remove curse {unknown}
 n - a scroll of amnesia {unknown}
 r - a scroll of fog {unknown}
Potions
 j - 2 potions of agility {unknown}
 o - 2 potions of degeneration {unknown}
 q - a potion of invisibility {unknown}
 t - 2 potions of heal wounds {unknown}
Comestibles
 c - 8 rations
 u - a chunk of flesh


   Skills:
 + Level 4.2 Fighting
 + Level 2.9 Long Blades
 * Level 3.4 Armour
 + Level 1.2 Dodging
 + Level 2.5 Invocations
 + Level 1.0 Evocations


You had 4 spell levels left.
You didn't know any spells.
Your spell library was empty.

Dungeon Overview and Level Annotations

Branches:
Dungeon (3/15)

Altars:
Xom
Zin

Annotations:
D:3 Robin


Innate Abilities, Weirdness & Mutations

You cannot be hasted, slowed, berserked, paralysed or teleported.
You can dig through walls and to a lower floor.
Your four strong arms can wield two-handed weapons with a shield.
You have a pair of large antennae on your head. (SInv)


Message History

You feel sick. Robin completely misses you.
You hit Robin.
Robin is heavily wounded.
* * * LOW HITPOINT WARNING * * *
You feel sick.
Robin says, "My goblins will feast on your bones."
Robin hits you but does no damage.
You completely miss Robin.
Robin is heavily wounded.
* * * LOW HITPOINT WARNING * * *
You feel sick.
You closely miss Robin.
Robin is heavily wounded.
* * * LOW HITPOINT WARNING * * *
You feel sick. Robin hits you with a +0 club.
* * * LOW HITPOINT WARNING * * *
Your plate armour prevents you from hitting Robin.
Robin is heavily wounded.
You are feeling very hungry.
You die...

#.. #######' #≈≈≈≈§§[
#≈≈≈≈..^ #.# #≈≈≈....
.. #≈≈....# #.##
#≈...##. ###..#
#≈...#.) #@##.##
'...#..# ##g#..##
#≈...#.. #{##...#
.#§...##.
######.#...##.#≈§§§..#
...............#≈§≈§...
......###....###≈§§§...
...... #......#≈≈≈≈≈≈§
..{{. #......#######'
K.{g. #####...###+#..


You could see Robin.

Vanquished Creatures
  5 adders (D:2)
  A dart slug (D:1)
  4 leopard geckos
  An orc (D:3)
  2 ball pythons (D:2)
  12 goblins
  11 hobgoblins
  7 kobolds
  2 quokkas
  3 bats
  2 frilled lizards
  10 rats
60 creatures vanquished.

Notes
Turn   | Place    | Note
-------+----------+-------------------------------------------
     0 | Abyss:1  | Descartes the Formicid Abyssal Knight began the quest for
                  | the Orb.
     0 | Abyss:1  | Reached XP level 1. HP: 18/18 MP: 2/2
    41 | Abyss:3  | Found a corrupted altar of Lugonu.
    73 | Abyss:3  | Noticed a smoke demon
    91 | Abyss:3  | Found a corrupted altar of Lugonu.
    93 | Abyss:3  | Noticed a large abomination
    93 | D:1      | Escaped the Abyss
   650 | D:1      | Reached XP level 2. HP: 22/24 MP: 3/3
   697 | D:1      | Reached * piety under Lugonu
  1100 | D:1      | Reached XP level 3. HP: 30/30 MP: 4/4
  1292 | D:2      | Reached skill level 4 in Fighting
  2008 | D:2      | Reached XP level 4. HP: 37/37 MP: 5/5
  2035 | D:2      | Reached skill level 1 in Dodging
  2505 | D:3      | Found a glowing silver altar of Zin.
  2727 | D:3      | Found a shimmering altar of Xom.
  2730 | D:3      | Reached XP level 5. HP: 40/42 MP: 6/6
  2735 | D:3      | Reached ** piety under Lugonu
  2885 | D:3      | Noticed Robin
  2897 | D:3      | Reached skill level 1 in Evocations
  2940 | D:3      | HP: 1/42 [Robin/+0 club (2)]
  2941 | D:3      | Succumbed to a goblin's poison

Levels and vault maps discovered:
D:1:      dpeg_arrival_another_circle, layout_basic, minivault_19
D:2:      layout_basic
D:3:      layout_basic, lemuel_doored_altar, lemuel_round_altar,
          kennysheep_generic_room_2, uniq_robin

Skill      XL: |  1  2  3  4  5 |
---------------+----------------+-----
Fighting       | 4 |  4.2
Armour         | 3 |  3.4
Dodging        | 1 |  1.2
Evocations     | 1 |  1.0
Long Blades    | |  2.9
Invocations    | |  2.5

Action                   |  1- 3 |  4- 6 || total
-------------------------+-------+-------++-------
Melee: Falchion          |   105 |   142 ||   247
Invok: Depart the Abyss  |     1 |       ||     1
 Abil: Dig               |       |     1 ||     1
  Eat: Chunk             |     3 |     3 ||     6
Armor: Plate armour      |    79 |    91 ||   170
Dodge: Dodged            |    34 |    42 ||    76
       Rpst.: Falchion   |     7 |    12 ||    19
